 Dungeon Crawl Stone Soup version 0.24-a0-271-ga0fc33f (webtiles) character file.

Game seed: 9140321183691667693

1845 Ijustatesigmund the Chopper (level 9, -5/62 HPs)
             Began as an Octopode Fighter on Apr 24, 2019.
             Slain by a sky beast (6 damage)
             ... on level 5 of the Dungeon.
             The game lasted 00:08:53 (3388 turns).

Ijustatesigmund the Chopper (Octopode Fighter)      Turns: 3388, Time: 00:08:54

Health: -5/62      AC:  1    Str: 16    XL:     9   Next: 12%
Magic:  9/9        EV: 14    Int: 10    God:
Gold:   151        SH: 11    Dex: 14    Spells: 7/8 levels left

rFire    . . .     SeeInvis .   k - +1 broad axe
rCold    . . .     Gourm    .   b - +1 shield
rNeg     . . .     Faith    .   (helmet restricted)
rPois    .         Spirit   .   p - amulet of regeneration
rElec    .         Reflect  .   j - ring of resist corrosion
rCorr    +         Harm     .   (no ring)
MR       .....                  (no ring)
Stlth    ++........             (no ring)
HPRegen  0.60/turn              (no ring)
MPRegen  0.11/turn              (no ring)
                                (no ring)
                                (no ring)

@: no status effects
A: almost no armour, stealthy swim, amphibious, 8 rings, constrict 8, camouflage
1, gelatinous body 1
a: no special abilities


You were on level 5 of the Dungeon.
You were not hungry.

You visited 1 branch of the dungeon, and saw 5 of its levels.

You collected 151 gold pieces.

Inventory:

Hand Weapons
 a - a +1 war axe
 k - a +1 broad axe (weapon)
Armour
 b - a +1 shield (worn)
Jewellery
 j - a ring of resist corrosion (left tentacle)
 p - an amulet of regeneration (around mantle)
 s - a cursed amulet of inaccuracy {unknown}
Wands
 o - a wand of random effects (15)
Scrolls
 g - 2 scrolls of remove curse
 h - a scroll of fear {unknown}
 q - 2 scrolls of amnesia
Potions
 c - a potion of flight
 e - 3 potions of haste
 f - a potion of brilliance
 i - a potion of magic
 l - 2 potions of invisibility
 m - a potion of curing
 n - a potion of heal wounds
 r - a potion of cancellation {unknown}
Comestibles
 d - 9 rations


   Skills:
 + Level 5.8 Fighting
 + Level 7.7 Axes
 - Level 5.9 Dodging
 + Level 0.0 Stealth
 - Level 5.8 Shields
 + Level 0.0 Translocations


You had 7 spell levels left.
You knew the following spells:

 Your Spells              Type           Power        Failure   Level  Hunger
a - Apportation           Tloc           #.....       77%         1    ##.....

Your spell library contained the following spells:

 Spells                   Type           Power        Failure   Level  Hunger
 Animate Skeleton         Necr           N/A          77%         1    ##.....
 Confusing Touch          Hex            #.....       77%         1    ##.....
 Summon Small Mammal      Summ           #...         77%         1    ##.....


Dungeon Overview and Level Annotations

Branches:
Dungeon (5/15)             Temple (0/1) D:4

Altars:
Elyvilon
Nemelex Xobeh
Qazlal
Ru

Annotations:
D:3 Purgy


Innate Abilities, Weirdness & Mutations

You cannot wear most types of armour.
You are very stealthy in the water. (Stealth+)
You are amphibious.
You can wear up to eight rings at the same time.
You can use your tentacles to constrict eight enemies at once.
Your skin changes colour to match your surroundings (Stealth+).
Your rubbery body absorbs attacks. (AC +1, EV +1)


Message History

No target in view!
You miss something. Something hits you. Something shocks you.
You block something's attack.
You barely miss something. You squeeze something! Something hits you.
Something shocks you.
You miss something. Something hits you.
* * * LOW HITPOINT WARNING * * *
Something shocks you.
* * * LOW HITPOINT WARNING * * *
You miss something. You squeeze something. Something barely misses you.
You barely miss something.
The sentinel's mark upon you fades away.
Something hits you.
* * * LOW HITPOINT WARNING * * *
Something shocks you.
* * * LOW HITPOINT WARNING * * *
Something hits you.
* * * LOW HITPOINT WARNING * * *
Something shocks you.
You die...

#.............#.#
####............#
#...######.#.#
##.#######.#.##
####..........#...
..##..#########.##
#.##..# #.#
#{##..# #.#
#@##..# #.#
#.##..# #.#
#.##..# #.#
#.##..# #.#
#.##..# #.#
#.##..# #.#
#.##..## #####.##
#.##...####..)....
#.##.........)#.#.


There were no monsters in sight!

Vanquished Creatures
  Pikel (D:3)
  Grinder (D:4)
  Sigmund (D:2)
  A phantom (D:5)
  2 orc warriors
  3 ogres
  A scorpion (D:5)
  A howler monkey (D:5)
  A bullfrog zombie (D:4)
  3 crimson imps (D:5)
  A hound (D:4)
  An orc wizard (D:4)
  An orc priest (D:3)
  A centaur skeleton (D:5)
  2 worker ants (D:4)
  A hound zombie (D:5)
  An adder (D:4)
  2 oozes
  An adder skeleton (D:4)
  3 worms
  A dart slug (D:1)
  2 leopard geckos (D:2)
  13 orcs
  9 bats
  5 giant cockroaches
  13 goblins
  2 hobgoblins (D:1)
  13 jackals
  8 kobolds
  2 quokkas (D:4)
  A ball python zombie (D:5)
  2 frilled lizards
  A quokka skeleton (D:5)
  A quokka zombie (D:5)
  6 rats
108 creatures vanquished.

Vanquished Creatures (others)
  A phantom (D:4)
  A jackal (D:4)
2 creatures vanquished.

Grand Total: 110 creatures vanquished

Notes
Turn   | Place    | Note
-------+----------+-------------------------------------------
     0 | D:1      | Ijustatesigmund the Octopode Fighter began the quest for
                  | the Orb.
     0 | D:1      | Reached XP level 1. HP: 16/16 MP: 1/1
    65 | D:1      | Reached XP level 2. HP: 21/21 MP: 2/2
   300 | D:1      | Reached skill level 3 in Axes
   540 | D:1      | Reached XP level 3. HP: 26/26 MP: 3/3
   731 | D:2      | Noticed Sigmund
   740 | D:2      | Killed Sigmund
   740 | D:2      | Reached skill level 5 in Axes
   740 | D:2      | Reached XP level 4. HP: 31/31 MP: 4/4
   740 | D:2      | Reached XP level 5. HP: 36/36 MP: 5/5
  1361 | D:3      | Found a stormy altar of Qazlal.
  1384 | D:3      | Reached XP level 6. HP: 42/42 MP: 6/6
  1415 | D:3      | Noticed an orc warrior
  1429 | D:3      | Killed an orc warrior
  1429 | D:3      | Reached skill level 6 in Axes
  1429 | D:3      | HP: 2/42 [orc/+0 hand axe (3)]
  1431 | D:3      | Noticed Purgy
  1791 | D:4      | Noticed Pikel
  1791 | D:4      | Noticed a slave
  1791 | D:4      | Noticed a slave
  1791 | D:4      | Noticed a slave
  1791 | D:4      | Noticed a slave
  1797 | D:3      | Killed Pikel
  1797 | D:3      | Reached XP level 7. HP: 49/49 MP: 7/7
  1810 | D:4      | Reached XP level 8. HP: 16/54 MP: 8/8
  2424 | D:4      | Reached skill level 7 in Axes
  2429 | D:4      | Reached skill level 5 in Fighting
  2429 | D:4      | Reached skill level 5 in Dodging
  2429 | D:4      | Reached skill level 5 in Shields
  2503 | D:4      | Found a staircase to the Ecumenical Temple.
  2542 | D:4      | Noticed Grinder
  2548 | D:4      | Paralysed by Grinder for 3 turns
  2554 | D:4      | Killed Grinder
  2673 | D:4      | Found a sacrificial altar of Ru.
  2830 | D:5      | Entered Level 5 of the Dungeon
  2898 | D:5      | Reached XP level 9. HP: 44/61 MP: 9/9
  3026 | D:5      | Found a sparkling altar of Nemelex Xobeh.
  3095 | D:5      | Found a white marble altar of Elyvilon.
  3140 | D:5      | Learned a level 1 spell: Apportation
  3388 | D:5      | HP: 1/62 [something (3)]
  3388 | D:5      | Slain by a sky beast

Levels and vault maps discovered:
D:1:      lightli_arrival_noodles, layout_basic, minmay_indecisive_spiral
D:2:      layout_loops_ring, uniq_sigmund
D:3:      layout_basic, regret_index_temple_of_mockery,
          nicolae_qazlal_general_emergency, lemuel_coloured_pillars_altar,
          first_ration, hangedman_abyss_or_decor_stabs, uniq_purgy
D:4:      layout_cave_pools, nicolae_ru_great_annihilating_truth,
          minmay_temple_entry_tees, uniq_pikel, uniq_grinder
D:5:      layout_loops_ring, nemelex_xobeh_ov_fountains_minmay,
          lemuel_doored_altar

Skill      XL: |  1  2  3  4  5  6  7  8 |
---------------+-------------------------+-----
Axes           | 3 5 6 7 |  7.7
Fighting       | 4 5 |  5.8
Dodging        | 4 5 |  5.9
Shields        | 4 5 |  5.8

Action                   |  1- 3 |  4- 6 |  7- 9 || total
-------------------------+-------+-------+-------++-------
Melee: War axe           |    44 |    31 |       ||    75
       Constrict         |    12 |    12 |    25 ||    49
       Tentacles         |     7 |    10 |    25 ||    42
       Broad axe         |       |    26 |   104 ||   130
  Use: Potion            |     1 |     3 |     1 ||     5
       Scroll            |       |    11 |     5 ||    16
 Stab: Sleeping          |     4 |     8 |     6 ||    18
       Paralysed         |       |       |     1 ||     1
  Eat: Chunk             |       |     3 |     3 ||     6
       Ration            |       |       |     1 ||     1
Armor: Skin              |     3 |     3 |     2 ||     8
Dodge: Dodged            |    15 |    33 |    49 ||    97
Block: Shield            |    18 |    38 |    43 ||    99

Table legend:
 A = Non-vault XP
 B = Vault XP
 C = Vault XP percentage of total XP
 D = Non-vault monster count
 E = Vault monster count
 F = Vault count percentage of total count
                 A         B        C        D         E       F
            +---------+---------+-------+---------+---------+-------
      Total |    1504 |    1133 |  43.0 |      96 |      11 |  10.3
            +---------+---------+-------+---------+---------+-------
        D:1 |      32 |       7 |  17.9 |      17 |       4 |  19.0
        D:2 |      52 |     223 |  81.1 |      26 |       1 |   3.7
        D:3 |     208 |     629 |  75.1 |      15 |       1 |   6.2
        D:4 |     601 |     274 |  31.3 |      18 |       5 |  21.7
        D:5 |     611 |       0 |   0.0 |      20 |       0 |   0.0
            +---------+---------+-------+---------+---------+-------
